 Dungeon Crawl Stone Soup version 0.31-a0-986-g5e6e4ef867 (webtiles) character file.

Game seed: 10627452681980554132

34 slambat the Stinger (level 3, 0/25 HPs)
             Began as a Djinni Fire Elementalist on Nov 7, 2023.
             Slain by an orc
             ... wielding a +0 whip
              (5 damage)
             ... on level 2 of the Dungeon on Nov 13, 2023.
             The game lasted 00:07:14 (2133 turns).

slambat the Stinger (Djinni Fire Elementalist)      Turns: 2133, Time: 00:07:15

Health: 0/25       AC:  3    Str:  7    XL:     3   Next: 50%
Gold:   91         EV: 12    Int: 18    God:
                   SH:  0    Dex: 13

rFire   + + .        (no weapon)
rCold   x . .        (no shield)
rNeg    . . .        a - +0 robe
rPois   ∞            m - +0 helmet
rElec   .            (no cloak)
rCorr   .            (no gloves)
SInv    .            (boots unavailable)
Will    .....        (no amulet)
Stlth   ++           g - +4 ring of slaying
HPRegen 0.24/turn    (no ring)
MPRegen 0.00/turn

%: infuse magic (-1 HP)
@: flying
A: sickness immunity, fire resistance 2, cold vulnerability 1, float, innate
caster, HP casting, extra vitality 1
a: no special abilities


You were on level 2 of the Dungeon.
You visited 1 branch of the dungeon, and saw 3 of its levels.

You collected 91 gold pieces.

Inventory:

Armour
 a - a +0 robe (worn)
 m - a +0 helmet (worn)
Jewellery
 g - a +4 ring of slaying (left hand)
 k - a +6 ring of intelligence
Scrolls
 b - 2 scrolls of fog {unknown}
 c - a scroll of teleportation
 l - a scroll of identify {unknown}
Potions
 d - a potion of attraction {unknown}
 e - a potion of might {unknown}
 f - 2 potions of curing {unknown}
 h - a potion of heal wounds {unknown}
 i - a potion of magic {unknown}
 j - a potion of lignification {unknown}


   Skills:
 + Level 0.1 Fighting
 + Level 3.0 Dodging
 + Level 2.3 Stealth
 + Level 0.2 Unarmed Combat
 + Level 3.0 Spellcasting
 + Level 3.0 Conjurations
 + Level 3.0 Hexes
 + Level 3.0 Summonings
 + Level 3.0 Necromancy
 + Level 3.0 Translocations
 + Level 3.0 Transmutations
 + Level 3.0 Fire Magic
 + Level 3.0 Ice Magic
 + Level 3.0 Air Magic
 + Level 3.0 Earth Magic
 + Level 3.0 Poison Magic


You knew the following spells:

 Your Spells              Type           Power      Damage    Failure   Level
a - Foxfire               Conj/Fire      52%        2x1d6     4%          1
b - Scorch                Fire           26%        2d6       7%          2
c - Volatile Blastmotes   Fire/Tloc      26%        2d12      14%         3
d - Inner Flame           Hex/Fire       13%        N/A       14%         3
e - Flame Wave            Conj/Fire      13%        2d6       43%         4
f - Slow                  Hex            52%        N/A       4%          1
Your spell library was empty.

Dungeon Overview and Level Annotations

Branches:
Dungeon (3/15)

Altars:

Shops:
D:1 ([!*

Annotations:
D:2 1 runed translucent door, Crazy Yiuf


Innate Abilities, Weirdness & Mutations

You are immune to sickness and miasma.
You are immune to poison.
Your flesh is very heat resistant. (rF++)
You are vulnerable to cold. (rC-)
You float through the air rather than walking.
You learn spells naturally, not from books.
Your magical power is your life essence.
You have superior vitality. (+4 MHP)


Message History

Press: ? - help, Q - select action, (/) - cycle Dir - look around, f - activate You conjure some foxfire!
The orc hits you but does no damage. The orc hits you with a +0 whip.
Your foxfire dissipates!
The foxfire hits the orc but does no damage.
The orc is lightly wounded.
The orc attacks as it pursues you! The orc hits you but does no damage.
The orc misses you.
Casting: Foxfire (safe; 4% risk of failure)
Press: ? - help, Q - select action, (/) - cycle Dir - look around, f - activate
Okay, then.
Casting: Foxfire (safe; 4% risk of failure)
Press: ? - help, Q - select action, (/) - cycle Dir - look around, f - activate You conjure some foxfire!
The orc closely misses you. The orc hits you with a +0 whip.
Your foxfire dissipates!
Casting: Foxfire (safe; 4% risk of failure)
Press: ? - help, Q - select action, (/) - cycle Dir - look around, f - activate You conjure some foxfire!
* * * LOW HITPOINT WARNING * * *
The orc completely misses you.
Your foxfire dissipates!
The orc attacks as it pursues you! The orc misses you.
Casting: Foxfire (safe; 4% risk of failure)
Press: ? - help, Q - select action, (/) - cycle Dir - look around, f - activate You conjure some foxfire!
* * * LOW HITPOINT WARNING * * *
The foxfire hits the orc but does no damage.
The orc closely misses you.
You barely miss the orc.
The orc is lightly wounded.
The orc hits you with a +0 club.
* * * LOW HITPOINT WARNING * * *
You hit the orc but do no damage.
The orc is lightly wounded.
The orc closely misses you. x2
You hit the orc but do no damage.
The orc is lightly wounded.
The orc hits you with a +0 whip.
You die...

##################.########..####
.............................#
##################.#####.########
#)...........................
#.##############.#........... #.#
#................... #.#
#.#####.[..######### #####.#
#.#oo...>#.# ......# #.#@######.#
####### ##### #.# ....# #.# ..#.#
♣♣♣♣♣### #.######### ###.# ###
♣♣♣.♣.♣..###.#)....... #.#
#...#♣..♣......##.#.##<#### #.#
#...+.♣♣♣♣........#.##.# ###.#
#)..#♣♣ ♣♣....##.#.##.# ....# ###
♣♣#####.#.##.####


You could see 2 orcs.

Vanquished Creatures
  2 dart slugs (D:2)
  2 orcs (D:2)
  4 endoplasms (D:2)
  A hobgoblin (D:1)
  2 kobolds (D:2)
  3 quokkas
  A ball python (D:1)
  2 bats
  2 frilled lizards
  5 goblins
  2 rats (D:1)
26 creatures vanquished.

Vanquished Creatures (others)
  107 foxfires
107 creatures vanquished.

Grand Total: 133 creatures vanquished

Notes
Turn   | Place    | Note
-------+----------+-------------------------------------------
     0 | D:1      | slambat the Djinni Fire Elementalist began the quest for
                  | the Orb.
     0 | D:1      | slambat set off with the following spells memorised:
                  | Foxfire, Scorch, Volatile Blastmotes, Inner Flame, Flame
                  | Wave.
     0 | D:1      | Reached XP level 1. HP: 15/15 MP: 0/0
    47 | D:1      | Found Iczewush's Distillery.
   414 | D:1      | Found Soebrimm's Antique Weapon Shop.
   558 | D:1      | Reached XP level 2. HP: 17/21 MP: 0/0
   675 | D:1      | Found Vangang's Antique Armour Emporium.
   798 | D:1      | Found Ramam's General Store.
  1222 | D:2      | Reached XP level 3. HP: 24/25 MP: 0/0
  1222 | D:2      | Learned a level 1 spell: Slow
  1470 | D:2      | Found a runed translucent door.
  1471 | D:2      | Noticed Crazy Yiuf
  2133 | D:2      | Slain by an orc

Illustrated notes

Levels and vault maps discovered:
D:1:      dpeg_arrival_simpleton_b, layout_basic, serial_shops,
          nicolae_shop_pleasant_corner_grove, shop, shop,
          nicolae_shop_peninsula, chequers_serial_rivers_micro_e
D:2:      layout_basic, uniq_crazy_yiuf_cottage
D:3:      layout_rooms, nicolae_overflow_hidden_temple,
          chequers_serial_rivers_marsh

Skill      XL: |  1  2  3 |
---------------+----------+-----
Spellcasting   | |  3.0
Conjurations   | |  3.0
Hexes          | |  3.0
Summonings     | |  3.0
Necromancy     | |  3.0
Translocations | |  3.0
Transmutations | |  3.0
Fire Magic     | |  3.0
Ice Magic      | |  3.0
Air Magic      | |  3.0
Earth Magic    | |  3.0
Poison Magic   | |  3.0
Stealth        | 2 |  2.3
Dodging        | 3 |  3.0
Fighting       | |  0.1
Unarmed Combat | |  0.2

Action                     || total
---------------------------++-------
  Melee: Unarmed           ||    12
   Cast: Foxfire           ||    76
    Use: Scroll            ||     1
 Armour: Robe              ||    24
  Dodge: Dodged            ||    35

Table legend: (Time is in decaauts)
 A = Elapsed time spent in this place.
 B = Non-inter-level travel time spent in this place.
 C = Inter-level travel time spent in this place.
 D = Time resting spent in this place.
 E = Time spent auto-exploring this place.
 F = Levels seen in this place.
 G = Mean time per level.
                   A        B        C        D        E       F      G
               +--------+--------+--------+--------+--------+-----+--------+
         Total |   2133 |   2038 |     95 |    147 |   1618 |   3 |  711.0 |
       Dungeon |   2133 |   2038 |     95 |    147 |   1618 |   3 |  711.0 |
               +--------+--------+--------+--------+--------+-----+--------+

Top non-repeatable levels by time:
     D:2: 1287 daAuts
     D:1: 842 daAuts
     D:3: 4 daAuts
